 Dungeon Crawl Stone Soup version 0.29-a0-824-gd827844252 (webtiles) character file.

Game seed: 2397599168534975062

4388 blacky the Destroyer (level 10, -1/76 HPs)
             Began as a Demonspawn Conjurer on July 10, 2022.
             Was an Initiate of Gozag.
             Slain by an orc warrior
             ... wielding a +0 war axe
              (12 damage)
             ... in a bailey.
             The game lasted 00:25:01 (9042 turns).

blacky the Destroyer (Demonspawn Conjurer)          Turns: 9042, Time: 00:25:03

Health: -1/76      AC:  7    Str:  8    XL:     10   Next: 13%
Magic:  1/19       EV: 14    Int: 23    God:    Gozag
Gold:   1202       SH:  0    Dex: 12    Spells: 14/21 levels left

rFire   . . .      SeeInvis .   c - +0 halberd
rCold   . . .      Faith    .   (shield currently unavailable)
rNeg    . . .      Spirit   .   a - +0 robe
rPois   .          Reflect  .   (helmet unavailable)
rElec   .          Harm     .   B - +0 cloak
rCorr   .          Rampage  .   (no gloves)
Will    .....                   (no boots)
Stlth   ++........              j - amulet of regeneration
HPRegen 1.02/turn               n - +4 ring of protection
MPRegen 0.16/turn               h - ring of flight

@: flying, studying Throwing
A: claws 2, horns 3, demonic guardian 1, weakness stinger 2
a: Renounce Religion, Potion Petition, Call Merchant, Bribe Branch


You were in a bailey.
You worshipped Gozag.
Gozag was most pleased with you.
You visited 1 branch of the dungeon, and saw 8 of its levels.
You also visited: Sewer and Bailey.

You collected 1249 gold pieces.
You paid 47 gold pieces to Gozag.

Inventory:

Hand Weapons
 c - a +0 halberd (weapon)
Missiles
 A - 2 throwing nets
Armour
 a - a +0 robe (worn)
 B - a +0 cloak (worn)
Jewellery
 h - a ring of flight (right claw)
 j - an amulet of regeneration (around neck)
 n - a +4 ring of protection (left claw)
 F - an amulet of the acrobat
Wands
 s - a wand of paralysis (14)
 w - a wand of mindburst (9)
 C - a wand of light (19) (quivered)
Scrolls
 g - a scroll of fear
 l - 4 scrolls of enchant armour {unknown}
 m - 4 scrolls of blinking {unknown}
 p - 2 scrolls of teleportation {unknown}
 q - a scroll of enchant weapon {unknown}
 t - a scroll of fog {unknown}
 u - a scroll of silence {unknown}
 v - a scroll of identify
 x - a scroll of immolation {unknown}
 y - a scroll of amnesia {unknown}
 z - a scroll of vulnerability {unknown}
 D - a scroll of noise {unknown}
 E - a scroll of acquirement
Potions
 b - 4 potions of magic
 d - 4 potions of brilliance
 e - 4 potions of curing
 f - 5 potions of heal wounds
 i - 2 potions of invisibility
 k - a potion of attraction
 o - 2 potions of haste
 r - 3 potions of flight


   Skills:
 - Level 6.0 Fighting
 - Level 6.0 Dodging
 - Level 1.7 Stealth
 - Level 6.0 Spellcasting
 - Level 10.0 Conjurations
 * Level 3.8 Translocations
 * Level 1.0 Ice Magic


You had 14 spell levels left.
You knew the following spells:

 Your Spells              Type           Power      Damage    Failure   Level
a - Magic Dart            Conj           100%       1d8       1%          1
b - Searing Ray           Conj           100%       2d8       1%          2
c - Iskenderun's Mystic   Conj/Tloc      38%        2d9       4%          4

Your spell library contained the following spells:

 Spells                   Type           Power      Damage    Failure   Level
 Dazzling Flash           Conj/Hex       58%        N/A       3%          3
 Slow                     Hex            24%        N/A       9%          1
 Fulminant Prism          Conj/Hex       14%        3d9       11%         4
 Sublimation of Blood     Necr           6%         N/A       13%         2
 Wereblood                Tmut           6%         N/A       13%         2
 Ozocubu's Armour         Ice            11%        N/A       17%         3
 Confusing Touch          Hex            6%         N/A       26%         3
 Vampiric Draining        Necr           6%         2d6       26%         3
 Ozocubu's Refrigeration  Ice            5%         4d6       100%        7
 Summon Hydra             Summ           3%         N/A       100%        7


Dungeon Overview and Level Annotations

Branches:
Dungeon (8/15)             Temple (0/1) D:6           Sewer (visited)
 Bailey (1/1)
   Lair: D:8-11

Altars:
Dithmenos
Fedhas
Gozag
Makhleb
Sif Muna
Wu Jian

Annotations:
D:2 1 runed translucent door, Crazy Yiuf Bailey 3 runed translucent doors


Innate Abilities, Weirdness & Mutations

You have very sharp fingernails.
You have a pair of large horns on your head.
A weak demonic guardian rushes to your aid.
You have a tail ending in a sharp stinger.


Message History

Confirm with . or Enter, or press ? or * to list all spells.
Aiming: Searing Ray (safe; 1% risk of failure)
Press: ? - help, Shift-Dir - straight line, f - gnoll, p - orc warrior
Aim: a gnoll, wielding a +0 hand axe and wearing a +0 leather armour (moderately wounded, 85% to hit)
The searing ray hits the orc warrior.
The orc warrior is severely wounded.
The searing ray hits the gnoll.
The gnoll is moderately wounded. (Press . to maintain the ray.)
The orc warrior hits you with a +0 war axe!
The orc warrior attacks as you move away!
The orc warrior hits you with a +0 war axe.
Casting: Searing Ray (safe; 1% risk of failure)
Confirm with . or Enter, or press ? or * to list all spells.
Aiming: Magic Dart (safe; 1% risk of failure)
Press: ? - help, Shift-Dir - straight line, f/p - gnoll
Aim: a gnoll, wielding a +0 hand axe and wearing a +0 leather armour (moderately wounded, 100% to hit)
The magic dart hits the gnoll.
The gnoll is heavily wounded.
The orc warrior hits you with a +0 war axe!
The orc warrior attacks as you move away!
The orc warrior closely misses you.
There is an open door here.
You see here a boomerang.
You see here 2 boomerangs.
The orc warrior attacks as you move away!
The orc warrior misses you.
The orc warrior attacks as you move away!
The orc warrior hits you with a +0 war axe!!
* * * LOW HITPOINT WARNING * * *
Okay, then.
You are too injured to fight recklessly!
Aiming: Bolt of Light
Press: ? - help, Shift-Dir - straight line, p - gnoll The bolt of light hits the orc warrior.
The orc warrior is almost dead.
The orc warrior is blinded.
The orc warrior hits you with a +0 war axe!
You die...
Your body crumbles into a pile of gold.

##...##.........##.
##.....##.......##..
##...8...##≈≈≈≈$##...
##.........#≈≈≈≈≈#...8
#..........#≈≈≈≈$#....
♣≈≈#..8..8..o.'..)..$....
♣≈≈#.....(g.#########....
♣≈≈##......##≈≈≈#≈≈ ####.
♣...##..@o$#≈}.....≈#≈≈#.
♣....##$...#≈?........≈#.
♣♣.....#....##8.8...8.8≈##
♣......'.....#.........≈g+
♣∩.∩...'.....#....∩....≈≈+
♣......$.....#.........≈≈+
♣♣.....#....##8.8...8.8≈##
♣....##....#≈!........≈ .
♣...##...$.#≈=.....≈#≈ #.


You could see 2 orc warriors and a gnoll.

Vanquished Creatures
  A kobold demonologist (D:5)
  A hornet (D:7)
  A shadow (D:6)
  A wyvern (D:5)
  A water moccasin (Sewer)
  Pargi (D:4)
  2 orc warriors (Bailey)
  3 ice beasts
  A black bear (D:7)
  A sky beast (D:7)
  4 ogres (D:5)
  3 centaurs
  2 phantoms
  Blork the orc (D:4)
  A necrophage (D:6)
  A kobold brigand (D:7)
  4 scorpions
  4 wights (D:8)
  8 killer bees
  A howler monkey (D:3)
  2 gnoll boudas
  5 jellies
  An orc priest (D:8)
  4 hounds
  4 iguanas
  15 gnolls
  12 adders
  A river rat (D:6)
  3 worms
  A dart slug (D:1)
  10 orcs
  11 endoplasms
  5 giant cockroaches
  9 goblins
  15 hobgoblins
  5 jackals
  3 quokkas
  13 ball pythons
  3 bats
  4 frilled lizards
  16 kobolds
  4 rats
188 creatures vanquished.

Vanquished Creatures (collateral kills)
  An orc warrior (D:8)
  An ice beast (D:5)
2 creatures vanquished.

Vanquished Creatures (others)
  6 plants (D:3)
6 creatures vanquished.

Grand Total: 196 creatures vanquished

Notes
Turn   | Place    | Note
-------+----------+-------------------------------------------
     0 | D:1      | blacky the Demonspawn Conjurer began the quest for the Orb.
     0 | D:1      | Reached XP level 1. HP: 13/13 MP: 3/3
   174 | D:1      | Discovered your monstrous ancestry.
   174 | D:1      | Gained mutation: You have a pair of small horns on your
                  | head. [demonic ancestry]
   174 | D:1      | Reached XP level 2. HP: 19/19 MP: 3/5
   229 | D:1      | Learned a level 2 spell: Searing Ray
   625 | D:1      | Gained mutation: You have a pair of horns on your head.
                  | [demonic ancestry]
   625 | D:1      | Reached XP level 3. HP: 4/24 MP: 0/7
  1126 | D:1      | Found a faded altar of an unknown god.
  1791 | D:2      | Found a runed translucent door.
  1792 | D:2      | Noticed Crazy Yiuf
  1859 | D:2      | Gained mutation: You have a small tail. [demonic ancestry]
  1859 | D:2      | Reached XP level 4. HP: 30/30 MP: 2/8
  1999 | D:2      | Reached skill level 5 in Conjurations
  2916 | D:3      | Gained mutation: You have a tail ending in a sharp stinger.
                  | [demonic ancestry]
  2916 | D:3      | Reached XP level 5. HP: 35/35 MP: 2/10
  3040 | D:3      | Found an opulent altar of Gozag.
  3056 | D:3      | Became a worshipper of Gozag Ym Sagoz the Greedy
  3124 | D:3      | Found a burning altar of Makhleb.
  3915 | D:3      | Reached skill level 6 in Conjurations
  4095 | D:4      | Noticed an ice beast
  4107 | D:4      | Killed an ice beast
  4108 | D:4      | Gained mutation: You have a pair of large horns on your
                  | head. [demonic ancestry]
  4108 | D:4      | Reached XP level 6. HP: 31/41 MP: 2/12
  4286 | D:4      | Reached skill level 7 in Conjurations
  4395 | D:4      | Noticed Pargi
  4415 | D:4      | Gained mutation: A weak demonic guardian rushes to your
                  | aid. [demonic ancestry]
  4415 | D:4      | Reached XP level 7. HP: 44/46 MP: 7/13
  4415 | D:4      | Killed Pargi
  4484 | D:4      | Noticed Blork the orc
  4494 | D:4      | Killed Blork the orc
  4495 | D:4      | Reached skill level 8 in Conjurations
  4719 | D:5      | Entered Level 5 of the Dungeon
  4832 | D:5      | Noticed a kobold demonologist
  4848 | D:5      | Reached skill level 9 in Conjurations
  4850 | D:5      | Noticed a smoke demon
  4853 | D:5      | Noticed a red devil
  4950 | D:5      | Noticed a rust devil
  4956 | D:5      | Killed a kobold demonologist
  4957 | D:5      | Reached skill level 10 in Conjurations
  4957 | D:5      | Reached skill level 1 in Fighting
  4957 | D:5      | Gained mutation: You have sharp fingernails. [demonic
                  | ancestry]
  4957 | D:5      | Reached XP level 8. HP: 36/54 MP: 4/14
  5079 | D:5      | Found a shadowy altar of Dithmenos.
  5478 | D:5      | Reached skill level 5 in Fighting
  5636 | D:5      | Reached XP level 9. HP: 56/69 MP: 10/15
  6356 | D:6      | Found a staircase to the Ecumenical Temple.
  6559 | D:6      | Found a glowing drain.
  6563 | Sewer    | Entered a sewer
  6819 | D:6      | Reached skill level 5 in Dodging
  7757 | D:7      | Reached skill level 5 in Spellcasting
  8161 | D:7      | Reached skill level 1 in Translocations
  8166 | D:7      | Learned a level 4 spell: Iskenderun's Mystic Blast
  8388 | D:7      | Found an ornate altar of the Wu Jian Council.
  8388 | D:7      | Found a faded altar of an unknown god.
  8396 | D:7      | Found a blossoming altar of Fedhas.
  8400 | D:7      | Found a shimmering blue altar of Sif Muna.
  8671 | D:8      | Gained mutation: You have very sharp fingernails. [demonic
                  | ancestry]
  8671 | D:8      | Reached XP level 10. HP: 70/72 MP: 3/19
  8864 | D:8      | Found a flagged portal.
  8881 | Bailey   | Entered a bailey
  8931 | Bailey   | Noticed an orc warlord
  8984 | Bailey   | Reached skill level 1 in Ice Magic
  8997 | Bailey   | Found a runed translucent gate.
  9000 | Bailey   | Found a runed translucent gate.
  9002 | Bailey   | Found a runed translucent gate.
  9042 | Bailey   | Slain by an orc warrior

Illustrated notes

Levels and vault maps discovered:
D:1:      dpeg_arrival_arbitrary_b, layout_loops_ring,
          nicolae_ecumenical_lake_church
D:2:      layout_loops_ring, uniq_crazy_yiuf_cottage
D:3:      layout_loops_ring, mainiacjoe_overflow_boulevard,
          nicolae_overflow_crystal_walls, hangedman_decor_clover_reticule,
          chequers_serial_rivers_micro_e, hangedman_decor_lopped,
          roderic_roman_lattice, serial_park_tiny_1
D:4:      layout_rooms, uniq_blork_the_orc, uniq_pargi
D:5:      layout_loops_corners, mainiacjoe_overflow_cross_hatched,
          minmay_manual_mail
D:6:      layout_basic, minmay_temple_entry_hall, gup_sewer_entry_bowl
D:7:      layout_loops_corners, chequers_temple_overflow_minitemple
D:8:      layout_loops_ring, enter_bailey_4, serial_shops, nicolae_shop_trees
Bailey:   bailey_axe_bossmonster_kennysheep, bailey

Skill      XL: |  1  2  3  4  5  6  7  8  9 10 |
---------------+-------------------------------+-----
Spellcasting   | 3 4 6 |  6.0
Conjurations   | 5 6 7 10 | 10.0
Fighting       | 1 6 |  6.0
Dodging        | 2 6 |  6.0
Translocations | 2 3 |  3.8
Ice Magic      | 1 |  1.0
Stealth        | |  1.7

Action                   |  1- 3 |  4- 6 |  7- 9 | 10-12 || total
-------------------------+-------+-------+-------+-------++-------
Melee: Dagger            |    12 |     3 |       |       ||    15
       Headbutt          |     1 |     5 |    20 |     8 ||    34
       Halberd           |       |    17 |    93 |    30 ||   140
       Tailslap          |       |     1 |     9 |     1 ||    11
 Cast: Magic Dart        |    61 |    61 |    15 |    24 ||   161
       Searing Ray       |     5 |    18 |    43 |     5 ||    71
       Iskenderun's Myst |       |       |     1 |     3 ||     4
Evoke: Wand              |       |       |       |     1 ||     1
  Use: Scroll            |       |     4 |     4 |       ||     8
 Stab: Sleeping          |       |       |     3 |       ||     3
       Distracted        |       |       |     3 |       ||     3
Armor: Robe              |     4 |    15 |    44 |     8 ||    71
Dodge: Dodged            |    15 |    33 |   106 |    40 ||   194

Table legend: (Time is in decaauts)
 A = Elapsed time spent in this place.
 B = Non-inter-level travel time spent in this place.
 C = Inter-level travel time spent in this place.
 D = Time resting spent in this place.
 E = Time spent auto-exploring this place.
 F = Levels seen in this place.
 G = Mean time per level.
                   A        B        C        D        E       F      G
               +--------+--------+--------+--------+--------+-----+--------+
         Total |   9113 |   8809 |    304 |      0 |   7017 |  10 |  911.3 |
       Dungeon |   8755 |   8451 |    304 |      0 |   6858 |   8 | 1094.4 |
         Sewer |    192 |    192 |      0 |      0 |    131 |   1 |  192.0 |
        Bailey |    165 |    165 |      0 |      0 |     28 |   1 |  165.0 |
               +--------+--------+--------+--------+--------+-----+--------+

Top non-repeatable levels by time:
     D:1: 1601 daAuts
     D:5: 1436 daAuts
     D:3: 1352 daAuts
     D:7: 1313 daAuts
     D:2: 1122 daAuts
     D:6: 889 daAuts
     D:4: 744 daAuts
     D:8: 294 daAuts
   Sewer: 192 daAuts
  Bailey: 165 daAuts
